 Dungeon Crawl Stone Soup version 0.23-a0-619-g281719c (webtiles) character file.

210 Lanoc the Skirmisher (level 5, -3/44 (45) HPs)
             Began as a Hill Orc Artificer on Dec 22, 2018.
             Was an Initiate of Beogh.
             Slain by an iguana (15 damage)
             ... on level 4 of the Dungeon.
             The game lasted 00:07:01 (3292 turns).

Lanoc the Skirmisher (Hill Orc Artificer)           Turns: 3292, Time: 00:07:02

HP:   -3/44 (45)    AC:  2    Str: 16    XL:     5   Next: 87%
MP:   7/7           EV: 12    Int: 11    God:    Beogh [......]
Gold: 158           SH:  0    Dex: 11    Spells: 4/4 levels left

rFire    . . .     SeeInvis .   m - +2 hand axe (chop)
rCold    . . .     Gourm    .   (no shield)
rNeg     . . .     Faith    .   c - +0 robe (curse)
rPois    .         Spirit   .   (no helmet)
rElec    .         Reflect  .   (no cloak)
rCorr    .         Harm     .   (no gloves)
MR       .....                  (no boots)
Stlth    +.........             (no amulet)
HPRegen  0.14/turn              (no ring)
MPRegen  0.10/turn              (no ring)

@: no status effects
A: no striking features
a: Renounce Religion


You were on level 4 of the Dungeon.
You worshipped Beogh.
Beogh was noncommittal.
You were not hungry.

You visited 1 branch of the dungeon, and saw 4 of its levels.

You collected 158 gold pieces.

Inventory:

Hand Weapons
 a - a +0 short sword
 m - a +2 hand axe of chopping (weapon)
 s - a +0 war axe
Missiles
 u - a tomahawk (quivered)
Armour
 b - a +0 leather armour
 c - a cursed +0 robe (worn)
Wands
 d - a wand of enslavement (13)
 e - a wand of random effects (15)
Scrolls
 g - a scroll of enchant armour {unknown}
 i - a scroll of random uselessness {unknown}
 j - a scroll of noise {unknown}
 k - 2 scrolls of identify {unknown}
 l - a scroll of fog {unknown}
 n - a scroll of enchant weapon {unknown}
 p - 2 scrolls of immolation {unknown}
Potions
 h - a potion of mutation {unknown}
 o - a potion of cancellation
 q - 2 potions of heal wounds {unknown}
 r - a potion of degeneration {unknown}
 t - a potion of lignification {unknown}
Comestibles
 f - 5 rations


   Skills:
 + Level 3.3 Fighting
 - Level 1.0 Short Blades
 * Level 2.8 Axes
 + Level 1.2 Throwing
 + Level 2.6 Armour
 + Level 2.7 Dodging
 - Level 0.7 Stealth
 - Level 3.0 Evocations


You had 4 spell levels left.
You didn't know any spells.
Your spell library was empty.

Dungeon Overview and Level Annotations

Branches:
Dungeon (4/15)
 Temple: D:4-7

Altars:
Yredelemnul


Message History

You see here 11 poisoned needles.
You barely miss the iguana. The iguana bites you!
You hit the iguana.
The iguana is moderately wounded.
The iguana closely misses you. The iguana bites you!
You are too injured to fight recklessly!
You hit the iguana.
The iguana is heavily wounded.
The iguana bites you!
* * * LOW HITPOINT WARNING * * *
You closely miss the iguana.
The iguana is heavily wounded.
The iguana misses you.
You completely miss the iguana.
The iguana is heavily wounded.
The iguana barely misses you.
You barely miss the iguana.
The iguana is heavily wounded.
The iguana bites you!
You die...

##### ..... ... #####
..# ..# # #.. #.# ## #
.#..# #.# #.## ##
#.#..# ###.##...#. .##
#.#..# #..l#......
..#####.#<.#
#.#@.......
.8.##...#..#
#.(.###.###
..#.##.....####......#
.8...#..........######
.....'..##.######
.8...#)....#
..#.##..#### .8.##..##
..##..##


You could see an iguana.

Vanquished Creatures
  An iguana (D:4)
  A worker ant (D:4)
  6 adders
  2 oozes
  3 worms (D:2)
  2 dart slugs (D:2)
  3 leopard geckos
  2 orcs
  3 giant cockroaches
  13 hobgoblins
  4 jackals
  3 kobolds (D:1)
  A ball python (D:3)
  14 bats
  5 frilled lizards
  8 goblins
  A quokka skeleton (D:3)
  7 rats
79 creatures vanquished.

Vanquished Creatures (others)
  A leopard gecko (D:1)
  An orc (D:3)
  A frilled lizard (D:1)
3 creatures vanquished.

Grand Total: 82 creatures vanquished

Notes
Turn   | Place    | Note
-------+----------+-------------------------------------------
     0 | D:1      | Lanoc the Hill Orc Artificer began the quest for the Orb.
     0 | D:1      | Reached XP level 1. HP: 16/16 MP: 3/3
   406 | D:1      | Reached XP level 2. HP: 24/24 MP: 4/4
   411 | D:1      | Reached skill level 1 in Armour
  1036 | D:1      | Reached XP level 3. HP: 23/29 MP: 5/5
  1718 | D:2      | Reached XP level 4. HP: 35/37 MP: 6/6
  1943 | D:2      | Reached skill level 1 in Axes
  2535 | D:3      | Reached XP level 5. HP: 41/45 MP: 7/7
  2570 | D:3      | Found a faded altar of an unknown god.
  2606 | D:3      | Became a worshipper of Yredelemnul the Dark
  2606 | D:3      | Reached * piety under Yredelemnul
  2813 | D:3      | Fell from the grace of Yredelemnul
  2813 | D:3      | Became a worshipper of Beogh the Brigand
  2908 | D:4      | Reached skill level 1 in Throwing
  3292 | D:4      | Slain by an iguana

Vault maps used:
D:1:      elethiomel_arrival_infinity_welcomes_careful_drivers,
          minmay_pentomino_z2
D:2:      first_ration
D:3:      chequers_ecumenical_altar_island
D:4:      minmay_misc_feat_encased, dk_noncrumbling_3, minmay_pentomino_pile

Skill      XL: |  1  2  3  4  5 |
---------------+----------------+-----
Armour         | 1 2 |  2.6
Fighting       | 2 3 |  3.3
Dodging        | 2 |  2.7
Axes           | 1 2 |  2.8
Throwing       | 1 |  1.2
Short Blades   | |  1.0
Stealth        | |  0.7
Evocations     | |  3.0

Action                   |  1- 3 |  4- 6 || total
-------------------------+-------+-------++-------
Melee: Short sword       |    95 |       ||    95
       Hand axe          |     7 |   129 ||   136
Throw: Tomahawk          |       |     2 ||     2
Invok: Convert to Beogh  |       |     1 ||     1
Evoke: Wand              |    17 |       ||    17
  Use: Potion            |     1 |     1 ||     2
 Stab: Sleeping          |       |     2 ||     2
  Eat: Chunk             |     3 |     5 ||     8
Armor: Leather armour    |    22 |     8 ||    30
       Robe              |       |    17 ||    17
Dodge: Dodged            |    90 |    91 ||   181

Table legend:
 A = Non-vault XP
 B = Vault XP
 C = Vault XP percentage of total XP
 D = Non-vault monster count
 E = Vault monster count
 F = Vault count percentage of total count
                 A         B        C        D         E       F
            +---------+---------+-------+---------+---------+-------
      Total |     296 |       4 |   1.3 |      78 |       2 |   2.5
            +---------+---------+-------+---------+---------+-------
        D:1 |      40 |       4 |   9.1 |      24 |       2 |   7.7
        D:2 |      86 |       0 |   0.0 |      22 |       0 |   0.0
        D:3 |      61 |       0 |   0.0 |      25 |       0 |   0.0
        D:4 |     109 |       0 |   0.0 |       7 |       0 |   0.0
            +---------+---------+-------+---------+---------+-------
